Map: Beckett Industries LE

Players

MaxPax - Winner!

  • Race: Protoss Protoss
  • League: Grandmaster

AGOElazer (Elazer)

  • Race: Zerg Zerg
  • League: Grandmaster

Event: DreamHack SC2 Masters 2021 Summer

VOD

Have the link to the VOD?

Description

Time

  • Played on: June 4, 2021, 9:40 a.m.
  • Length: 8:59

All games in this series

Show
View Real Time Build Order
Export as new Build Order

MaxPax Protoss - Winner!

Build Orders: 1 Gate Expand, Mass Adepts 

Get SALT Encoding   

  12  0:00  Probe  
  13  0:12  Probe  
  14  0:19  Pylon  
  14  0:24  Probe  
  15  0:37  Probe (Chrono Boost)  
  15  0:40  Gateway  
  16  0:47  Probe (Chrono Boost)  
  17  0:52  Probe (Chrono Boost), Assimilator  
  18  1:03  Probe  
  19  1:16  Probe  
  20  1:28  Cybernetics Core  
  20  1:36  Nexus  
  20  1:38  Probe  
  21  1:44  Pylon  
  21  1:50  Assimilator  
  21  1:53  Probe  
  22  2:01  Adept (Chrono Boost)  
  22  2:05  Probe, Warp Gate  
  25  2:17  Probe  
  25  2:21  Adept (Chrono Boost)  
  26  2:29  Probe  
  29  2:34  Twilight Council  
  29  2:41  Probe  
  30  2:49  Probe  
  31  2:53  Probe, Robotics Facility  
  32  3:14  Gateway x2, Resonating Glaives (Chrono Boost)  
  32  3:17  Gateway  
  32  3:21  Probe x2  
  32  3:25  Adept  
  36  3:33  Probe x2  
  38  3:37  Warp Prism (Chrono Boost)  
  40  3:43  Pylon  
  40  3:45  Probe  
  40  3:47  Probe  
  42  3:59  Probe x2  
  42  4:02  Pylon  
  44  4:03  Adept  
  44  4:09  Adept x2  
  50  4:12  Adept  
  50  4:13  Probe x2  
  54  4:23  Pylon  
  54  4:30  Adept x2  
  54  4:31  Adept  
  60  4:33  Adept  
  60  4:37  Pylon  
  60  4:51  Probe x2  
  60  4:52  Adept x3  
  68  4:53  Adept  
  70  5:03  Pylon  
  70  5:07  Probe  
  65  5:16  Adept x4  
  65  5:17  Probe  
  65  5:18  Immortal (Chrono Boost)  
  64  5:47  Nexus  
  64  5:48  Pylon  
  64  5:50  Adept x4  
  70  6:01  Immortal (Chrono Boost)  
  70  6:02  Probe x2  
  72  6:14  Probe x2  
  72  6:21  Adept x4  
  72  6:23  Assimilator  
  72  6:24  Assimilator  
  80  6:27  Probe, Shield Battery  
  81  6:33  Probe  
  82  6:40  Forge  
  82  6:41  Robotics Bay  
  82  6:51  Probe x2  
  82  6:53  Adept x2  
  82  6:54  Adept x2  
  90  6:59  Observer  
  93  7:08  Probe  
  92  7:14  Adept x2  
  96  7:21  Probe  
  96  7:22  Probe  
  94  7:29  Probe  
  93  7:30  Stalker x2  
  97  7:37  Probe x2  
  97  7:41  Assimilator  
  97  7:43  Assimilator  
  87  7:54  Stalker x4  
  95  7:59  Colossus (Chrono Boost)  
  95  8:00  Probe  
  95  8:03  Probe  
  93  8:07  Pylon  
  93  8:11  Shield Battery  
  93  8:13  Pylon  
  93  8:16  Shield Battery  
  93  8:19  Gateway  
  93  8:21  Gateway  
  93  8:22  Probe x2, Shield Battery  
  93  8:26  Adept x2  
  99  8:27  Probe  
  99  8:31  Stalker x2  
  100  8:48  Stalker x2  
Show
View Real Time Build Order
Export as new Build Order

AGOElazer Zerg 

Build Orders: Hatch First 

Get SALT Encoding   

  12  0:00  Drone  
  13  0:12  Overlord  
  13  0:16  Drone  
  14  0:30  Drone x2  
  16  0:49  Hatchery  
  15  0:52  Drone  
  15  0:55  Drone  
  17  0:58  Drone  
  18  1:10  Extractor  
  17  1:14  Spawning Pool  
  17  1:18  Drone  
  17  1:21  Drone  
  18  1:27  Drone  
  19  1:38  Drone  
  20  1:50  Overlord  
  20  2:00  Queen  
  22  2:01  Queen  
  22  2:02  Drone  
  22  2:03  Zergling x2  
  26  2:13  Zergling x2  
  26  2:14  Drone, Metabolic Boost  
  28  2:21  Drone  
  29  2:23  Drone  
  30  2:33  Drone  
  31  2:39  Hatchery  
  29  2:48  Zergling x6  
  32  2:54  Zergling x2  
  32  2:56  Queen  
  35  3:03  Evolution Chamber  
  33  3:08  Overlord  
  32  3:14  Drone x2  
  32  3:18  Overlord  
  34  3:26  Queen  
  36  3:27  Drone x3  
  36  3:28  Drone  
  36  3:31  Drone  
  41  3:34  Drone  
  41  3:39  Drone x2  
  44  3:47  Drone x2  
  46  3:50  Drone x2  
  46  3:53  Drone x2  
  50  4:00  Roach Warren  
  49  4:04  Zergling x10  
  49  4:08  Zergling x2  
  55  4:14  Zergling x4  
  57  4:21  Overlord  
  57  4:33  Zergling x2, Overlord  
  57  4:41  Roach  
  57  4:42  Roach x4  
  57  4:45  Zergling x8  
  62  4:55  Roach x2  
  62  4:57  Zergling x10  
  69  5:03  Zergling x4  
  68  5:07  Zergling x2  
  68  5:12  Zergling x2  
  67  5:16  Zergling x4  
  63  5:27  Drone x6  
  66  5:36  Overlord  
  66  5:41  Drone x2  
  68  5:46  Drone  
  69  5:52  Roach x2  
  69  5:58  Drone x3  
  69  6:05  Drone x5  
  69  6:08  Overlord  
  74  6:14  Roach x2  
  74  6:16  Zergling x8  
  79  6:19  Queen  
  80  6:25  Zergling x2  
  80  6:26  Queen  
  80  6:28  Zergling x4  
  85  6:33  Zergling x2  
  85  6:36  Overlord  
  86  6:40  Extractor  
  86  6:41  Extractor  
  86  6:43  Roach  
  86  6:44  Roach  
  86  6:45  Drone  
  89  6:47  Overlord  
  89  6:59  Zergling x16  
  96  7:10  Overlord  
  96  7:12  Roach x4  
  96  7:14  Zergling x4  
  93  7:26  Roach x2  
  93  7:28  Zergling x14  
  93  7:29  Queen x3  
  101  7:35  Zergling x4  
  99  7:39  Zergling x6  
  96  7:45  Zergling x6  
  96  7:50  Zergling x6  
  93  7:53  Overlord  
  93  7:58  Roach  
  86  8:05  Zergling x10  
  88  8:14  Zergling x4  
  88  8:15  Ravager  
  88  8:19  Zergling x10  
  96  8:24  Zergling x2  
  98  8:27  Ravager  
  98  8:31  Zergling x4  
  99  8:37  Zergling x8  
Tags
 
Add a new tag
Caveats
  • Supply blocks, unpowered buildings, or Contaminate may cause inaccurate times.
  • Supply counts are checked every 10 seconds.